 Dungeon Crawl Stone Soup version 0.28-a0-1128-gb845255321 (webtiles) character file.

Game seed: 7155054859863667551

21 ChaosChampion the Insei (level 2, -1/18 HPs)
             Began as an Octopode Transmuter on Dec 12, 2021.
             Frozen to death by an endoplasm (5 damage)
             ... on level 2 of the Dungeon.
             The game lasted 00:01:11 (1292 turns).

ChaosChampion the Insei (Octopode Transmuter)       Turns: 1292, Time: 00:01:11

Health: -1/18      AC:  1    Str:  9    XL:     2   Next: 87%
Magic:  2/5        EV: 13    Int: 15    God:
Gold:   30         SH:  0    Dex: 12    Spells: 2/5 levels left

rFire   . . .      SeeInvis .     - Unarmed
rCold   . . .      Faith    .   (no shield)
rNeg    . . .      Spirit   .   (helmet currently unavailable)
rPois   .          Reflect  .   (no amulet)
rElec   .          Harm     .   (no ring)
rCorr   .          Rampage  .   (no ring)
Will    .....                   (no ring)
Stlth   ++........              (no ring)
HPRegen 0.06/turn               (no ring)
MPRegen 0.09/turn               (no ring)
                                (no ring)
                                (no ring)

@: appendages (expiring), wereblooded
A: tentacle spike 3, almost no armour, amphibious, 8 rings, camouflage 1,
gelatinous body 1, (nimble swimmer 1), tentacles
a: End Transformation


You were on level 2 of the Dungeon.
One of your tentacles had grown a beastly spike.
You visited 1 branch of the dungeon, and saw 2 of its levels.

You collected 30 gold pieces.

Inventory:

Scrolls
 a - a scroll of teleportation {unknown}
 c - a scroll of immolation {unknown}
Potions
 b - a potion of cancellation {unknown}


   Skills:
 - Level 1.0 Fighting
 - Level 2.0 Dodging
 * Level 3.7 Unarmed Combat
 - Level 2.0 Spellcasting
 + Level 2.4 Transmutations


You had 2 spell levels left.
You knew the following spells:

 Your Spells              Type           Power      Damage    Failure   Level
a - Beastly Appendage     Tmut           16%        N/A       9%          1
b - Wereblood             Tmut           8%         N/A       12%         2

Your spell library contained the following spells:

 Spells                   Type           Power      Damage    Failure   Level
 Spider Form              Tmut/Pois      5%         N/A       38%         3
 Ice Form                 Ice/Tmut       5%         N/A       80%         4


Dungeon Overview and Level Annotations

Branches:
Dungeon (2/15)

Altars:


Innate Abilities, Weirdness & Mutations

One of your tentacles has grown a beastly spike.
You cannot wear most types of armour.
You are amphibious.
You can wear up to eight rings at the same time.
Your skin changes colour to match your surroundings (Stealth+).
Your rubbery body absorbs attacks. (AC +1, EV +1)
((You are camouflaged near water. (Stealth+)))
You have tentacles for arms and can constrict up to eight enemies at once.


Message History

You tentacle-slap the jackal. You squeeze the jackal.
You feel a bit better.
You kill the jackal!
Your transformation is almost over.
The hobgoblin hits you. The hobgoblin barely misses you.
You tentacle-slap the giant cockroach.
You feel a bit better.
You kill the giant cockroach!
The hobgoblin closely misses you. The hobgoblin barely misses you.
The jackal barely misses you.
You tentacle-slap the jackal.
You feel a bit better.
You kill the jackal!
You howl as the wereblood boils in your veins!
You hear a bark! x2
A jackal comes into view.
The endoplasm freezes you.
You are frozen.
The hobgoblin hits you. x2
A jackal comes into view.
You hear an angry hiss.
You barely miss the hobgoblin. Your grab misses the hobgoblin.
You pierce the hobgoblin.
The hobgoblin is almost dead.
The endoplasm hits you. The hobgoblin completely misses you.
The hobgoblin closely misses you.
You are too injured to fight recklessly!
You are too injured to fight recklessly!
You are too injured to fight recklessly!
You barely miss the hobgoblin. Your grab misses the hobgoblin.
You pierce the hobgoblin.
You feel a bit better.
You kill the hobgoblin!
A ball python comes into view.
The bat hits you but does no damage. The endoplasm freezes you.
You are frozen.
The jackal closely misses you. The hobgoblin hits you.
* * * LOW HITPOINT WARNING * * *
You tentacle-slap the jackal. You grab the jackal.
The jackal is severely wounded.
You constrict the jackal. The bat barely misses you. The bat misses you.
The jackal closely misses you. The endoplasm freezes you.
You are frozen.
You die...

. #...# S
#...# #.
#...# #.#
#...
......#
#.#.#.#..
......hh###
#@g.#
......bJ#.#
.........
..
......#.#.
...
#.#........
...
......#..
.. .. #...#
#.# ... .
#... #.#
.8.


You could see an endoplasm, 2 jackals, a hobgoblin, a bat and a ball python.

Vanquished Creatures
  A ball python (D:1)
  A giant cockroach (D:2)
  A goblin (D:1)
  3 hobgoblins
  2 jackals (D:2)
  2 kobolds (D:1)
  A quokka (D:1)
  3 bats (D:1)
  2 frilled lizards (D:1)
  3 rats
19 creatures vanquished.

Notes
Turn   | Place    | Note
-------+----------+-------------------------------------------
     0 | D:1      | ChaosChampion the Octopode Transmuter began the quest for
                  | the Orb.
     0 | D:1      | Reached XP level 1. HP: 13/13 MP: 3/3
   657 | D:1      | Reached XP level 2. HP: 18/18 MP: 3/5
   660 | D:1      | Learned a level 2 spell: Wereblood
  1292 | D:2      | Frozen to death by an endoplasm

Illustrated notes

Levels and vault maps discovered:
D:1:      amcnicky_arrival_gap_in_the_tavern_cellar, layout_basic,
          chequers_serial_rivers_large_a, nicolae_concentric_dashed_squares_mild
D:2:      layout_basic, grunt_ministairs_1

Action                   || total
-------------------------++-------
Melee: Unarmed           ||    45
       Constrict         ||    15
       Kick              ||     6
       Tentacles         ||     5
       Punch             ||     1
 Cast: Beastly Appendage ||     8
       Wereblood         ||     4
 Stab: Sleeping          ||     4
Armor: Skin              ||     7
Dodge: Dodged            ||    56

Table legend: (Time is in decaauts)
 A = Elapsed time spent in this place.
 B = Non-inter-level travel time spent in this place.
 C = Inter-level travel time spent in this place.
 D = Time resting spent in this place.
 E = Time spent auto-exploring this place.
 F = Levels seen in this place.
 G = Mean time per level.
                   A        B        C        D        E       F      G
               +--------+--------+--------+--------+--------+-----+--------+
         Total |   1289 |   1251 |     38 |      0 |   1118 |   2 |  644.5 |
       Dungeon |   1289 |   1251 |     38 |      0 |   1118 |   2 |  644.5 |
               +--------+--------+--------+--------+--------+-----+--------+

Top non-repeatable levels by time:
     D:1: 1277 daAuts
     D:2: 11 daAuts
